 Dungeon Crawl Stone Soup version 0.23.2-1-ga50397a (webtiles) character file.

Game seed: 1986722395439115837

32011 dvd the Eclecticist (level 13, -7/68 HPs)
             Began as a Deep Elf Fire Elementalist on May 23, 2019.
             Was a High Priest of Vehumet.
             Mangled by an eight-headed hydra (8 damage)
             ... on level 4 of the Lair of Beasts.
             The game lasted 01:03:56 (18108 turns).

dvd the Eclecticist (Deep Elf Fire Elementalist)   Turns: 18108, Time: 01:03:57

Health: -7/68      AC: 12    Str: 18      XL:     13   Next: 29%
Magic:  36/43      EV: 19    Int: 26 (28) God:    Vehumet [*****.]
Gold:   250        SH:  4    Dex: 18 (19) Spells: 2/42 levels left

rFire    + + .     SeeInvis +   M - +10 falchion "Kuunnear" {slice, rF+ Str+3 Dex+4}
rCold    + . .     Gourm    .   b - -3 buckler "Iqiecs" {rElec Str+5 Int+2 Stlth-}
rNeg     + + +     Faith    .   o - +3 leather armour of the Thistle {*Slow rCorr Str+3 SInv}
rPois    +         Spirit   .   G - +0 helmet
rElec    +         Reflect  +   H - +0 cloak
rCorr    +         Harm     .   E - +2 pair of gloves
MR       +....                  z - +0 pair of boots of Hedging {rPois rF+ rN++}
Stlth    ++........             v - amulet "Hurik" {Reflect *Slow rC+ rN+ SH+2}
HPRegen  0.21/turn              f - +4 ring of evasion
MPRegen  0.28/turn              F - ring of magical power

@: slowed, studying Poison Magic, very slow
A: deterioration 1, poison resistance, strong 1
a: Renounce Religion


You were on level 4 of the Lair of Beasts.
You worshipped Vehumet.
Vehumet was extremely pleased with you.
You were not hungry.

You visited 4 branches of the dungeon, and saw 17 of its levels.
You also visited: Ossuary and Gauntlet.

You collected 1001 gold pieces.
You spent 751 gold pieces at shops.

Inventory:

Hand Weapons
 n - a +3 scimitar of flaming
 K - a +7 dagger of electrocution
 M - the +10 falchion "Kuunnear" (weapon) {slice, rF+ Str+3 Dex+4}
   (You took it off a minotaur in a Gauntlet)

   It inflicts extra damage upon your enemies.
   It affects your strength (+3).
   It affects your dexterity (+4).
   It protects you from fire.
 N - a +2 hunting sling of flaming
 V - the +8 arc blade {discharge, rElec}
   (You found it in a Gauntlet)

   It insulates you from electricity.
Missiles
 R - 411 stones (quivered)
Armour
 b - the -3 buckler "Iqiecs" (worn) {rElec Str+5 Int+2 Stlth-}
   (You bought it in a shop on level 11 of the Dungeon)

   It affects your strength (+5).
   It affects your intelligence (+2).
   It insulates you from electricity.
   It makes you less stealthy.
 o - the +3 leather armour of the Thistle (worn) {*Slow rCorr Str+3 SInv}
   (You found it on level 2 of the Lair of Beasts)

   It affects your strength (+3).
   It lets you see invisible.
   It provides partial protection from all sources of acid and corrosion.
   It may slow you when you take damage.
 q - a +0 pair of boots of flying
 z - the +0 pair of boots of Hedging (worn) {rPois rF+ rN++}
   (You bought it in a shop on level 11 of the Dungeon)

   It protects you from fire.
   It protects you from poison.
   It greatly protects you from negative energy.
 D - a +1 troll leather armour
 E - a +2 pair of gloves (worn)
 G - a +0 helmet (worn)
 H - a +0 cloak (worn)
 I - a +2 robe of fire resistance
 W - a +1 ring mail of cold resistance
Magical Staves
 y - an uncursed staff of death
 Z - an uncursed staff of wizardry {unknown}
Jewellery
 f - a +4 ring of evasion (left hand)
 v - the amulet "Hurik" (around neck) {Reflect *Slow rC+ rN+ SH+2}
   (You found it in a Gauntlet)

   [amulet of reflection]

   It shields you and reflects attacks.
   It protects you from cold.
   It protects you from negative energy.
   It may slow you when you take damage.
   It affects your SH (+2).
 A - a +2 ring of slaying
 F - a ring of magical power (right hand)
 O - an uncursed ring of ice
Wands
 a - a wand of flame (8)
 w - a wand of digging (9)
 x - a wand of enslavement (17)
 B - a wand of disintegration (21)
 J - a wand of iceblast (5)
 T - a wand of acid (27)
 U - a wand of paralysis (5)
 X - a wand of clouds (3)
Scrolls
 d - 9 scrolls of remove curse
 j - a scroll of amnesia
 k - 14 scrolls of identify
 r - 6 scrolls of teleportation
 s - 2 scrolls of immolation
 L - a scroll of enchant weapon
 Q - a scroll of magic mapping
Potions
 e - a potion of heal wounds
 g - a potion of might
 h - 3 potions of flight
 i - 4 potions of agility
 l - 5 potions of brilliance
 m - 3 potions of lignification
 t - 5 potions of cancellation
 u - 11 potions of curing
 C - 4 potions of haste
 P - a potion of ambrosia
 Y - a potion of magic
Books
 p - a manual of Poison Magic
Comestibles
 c - 41 rations
 S - a chunk of flesh


   Skills:
 + Level 2.6 Fighting
 + Level 3.4(3.8) Short Blades
 + Level 2.0(2.9) Long Blades
 + Level 2.4 Armour
 + Level 5.8 Dodging
 + Level 5.3 Stealth
 * Level 2.5 Shields
 + Level 15.4 Spellcasting
 + Level 11.9 Conjurations
 * Level 4.5 Charms
 * Level 11.8 Fire Magic
 * Level 4.8 Ice Magic
 * Level 4.6 Air Magic
   Level 2.4 Earth Magic


You had 2 spell levels left.
You knew the following spells:

 Your Spells              Type           Power        Failure   Level  Hunger
a - Flame Tongue          Conj/Fire      #####        1%          1    None
b - Throw Flame           Conj/Fire      ######       1%          2    None
c - Sticky Flame          Conj/Fire      ######..     1%          4    None
d - Fireball              Conj/Fire      ######....   1%          5    None
f - Airstrike             Air            #####.....   1%          4    None
g - Iskenderun's Battles  Conj/Chrm      ######..     1%          5    None
h - Orb of Destruction    Conj           ######....   7%          7    #####..
i - Freezing Cloud        Conj/Ice/Air   ######....   9%          6    ####...
j - Deflect Missiles      Chrm/Air       #####.....   65%         6    ####...

Your spell library contained the following spells:

 Spells                   Type           Power        Failure   Level  Hunger
 Lightning Bolt           Conj/Air       ######....   1%          5    None
 Corpse Rot               Necr           N/A          6%          2    None
 Sublimation of Blood     Necr           ###.......   6%          2    None
 Conjure Flame            Conj/Fire      ######..     1%          3    None
 Inner Flame              Hex/Fire       ######..     1%          3    None
 Bolt of Magma            Conj/Fire/Erth ######....   1%          5    None
 Bolt of Draining         Conj/Necr      ######....   2%          5    None
 Venom Bolt               Conj/Pois      ######....   2%          5    None
 Bolt of Cold             Conj/Ice       ######....   5%          6    ####...
 Iron Shot                Conj/Erth      ######....   9%          6    ####...
 Ice Form                 Ice/Tmut       ####....     14%         4    None
 Ozocubu's Refrigeration  Ice            #####.....   21%         6    ####...
 Yara's Violent Unravell  Hex/Tmut       ###.......   26%         5    None
 Cause Fear               Hex            ###.......   36%         4    None
 Metabolic Englaciation   Hex/Ice        ####......   36%         5    None
 Excruciating Wounds      Chrm/Necr      ####......   38%         5    None
 Silence                  Hex/Air        ####......   38%         5    None
 Spellforged Servitor     Conj/Summ      ######....   54%         7    #####..
 Agony                    Necr           ###.....     71%         5    None
 Dispel Undead            Necr           ###.....     71%         5    None
 Simulacrum               Ice/Necr       ####......   91%         6    ####...
 Discord                  Hex            ###.......   100%        8    #######


Dungeon Overview and Level Annotations

Branches:
Dungeon (11/15)            Temple (1/1) D:4            Lair (4/6) D:11
  Swamp (0/4) Lair:3       Spider (0/4) Lair:2          Orc (1/2) D:11

Altars:
Ashenzari
Cheibriados
Dithmenos
Elyvilon
Fedhas
Gozag
Hepliaklqana
Kikubaaqudgha
Makhleb
Nemelex Xobeh
Okawaru
Qazlal
Ru
Sif Muna
Trog
Uskayaw
Vehumet
Wu Jian
Xom
Yredelemnul
Zin
The Shining One

Shops:
D:5 [   D:10 (   D:11 [(

Portals:
Trove: D:11 (give 8 potions of haste)

Annotations:
Lair:1 1 runed translucent door, funkygono's ghost, journeyman GrCj


Innate Abilities, Weirdness & Mutations

Your body sometimes deteriorates upon taking damage.
Your system is resistant to poisons. (rPois)
Your muscles are strong. (Str +2)


Message History

* * * LOW HITPOINT WARNING * * *
The eight-headed hydra misses you.
The eight-headed hydra bites you but does no damage.
The eight-headed hydra bites you.
* * * LOW HITPOINT WARNING * * *
The eight-headed hydra closely misses you.
Okay, then.
Unknown command.
You feel much better.
The eight-headed hydra burns! x2
The eight-headed hydra bites you! The eight-headed hydra bites you.
* * * LOW HITPOINT WARNING * * *
The eight-headed hydra bites you!
* * * LOW HITPOINT WARNING * * *
Your body deteriorates!
You feel clumsy.
The eight-headed hydra closely misses you.
The eight-headed hydra barely misses you.
The eight-headed hydra bites you.
* * * LOW HITPOINT WARNING * * *
The eight-headed hydra bites you!
You die...

♣....i.
♣...iF♣♣
♣.♣♣ ♣♣.♣
♣♣F♣ ♣♣..♣
♣)♣♣♣ ♣♣♣D♣♣
♣♣.@..♣♣♣
♣..♣♣...♣
♣♣.♣♣♣♣.♣♣♣♣
♣♣.♣♣
♣♣...♣♣♣♣
♣.♣♣
♣♣♣♣...♣♣♣
♣♣..♣
♣♣♣♣..♣♣
♣♣♣..♣♣
♣♣.>♣ ♣...♣♣
♣♣♣♣ ♣.♣♣♣ #


You could see an eight-headed hydra (burning).

Vanquished Creatures
  A minotaur (Gauntlet)
  A hydra (D:11)
  2 two-headed ogres
  A black mamba (Lair:4)
  11 spiny frogs
  6 komodo dragons
  A rime drake (Lair:4)
  An efreet (Gauntlet)
  A queen bee (Lair:1)
  5 trolls
  2 hornets (Lair:4)
  18 blink frogs
  2 dream sheep (D:11)
  4 hippogriffs
  3 shadows (Gauntlet)
  Sigmund (D:3)
  A wraith (D:10)
  Eustachio (D:4)
  9 spriggans (Lair:4)
  3 basilisks
  18 yaks
  A fire elemental (Gauntlet)
  A hungry ghost (D:7)
  6 porcupines
  9 orc warriors
  5 water moccasins
  3 hell hounds (Gauntlet)
  3 sky beasts
  A phantom (D:9)
  3 ice beasts
  5 centaurs
  14 wolves
  A boggart (Lair:4)
  An eye of draining (D:8)
  10 ogres
  8 crocodiles
  4 big kobolds (D:11)
  6 bullfrogs
  A gnoll sergeant (D:7)
  2 wyvern zombies
  3 scorpions
  A water moccasin skeleton (D:7)
  24 killer bees (Lair:1)
  A howler monkey (D:6)
  An electric eel (Lair:2)
  A centaur zombie (Ossuary)
  9 crimson imps
  2 bullfrog zombies
  3 jellies
  A centaur skeleton (D:5)
  2 gnoll shamans (D:4)
  7 orc priests
  8 hounds
  4 bullfrog skeletons
  18 mummies (Ossuary)
  17 orc wizards
  5 iguanas
  7 worker ants
  3 hound zombies
  A hound skeleton (D:5)
  Robin (D:4)
  10 gnolls
  16 adders
  4 shadow imps
  An ooze (D:1)
  4 adder skeletons
  2 adder zombies
  2 worms
  2 dart slugs (D:1)
  8 leopard geckos
  38 orcs
  10 bats
  3 giant cockroaches
  13 goblins
  16 hobgoblins
  9 jackals
  11 kobolds
  7 quokkas
  5 frilled lizards
  A jackal skeleton (D:5)
  2 quokka skeletons (D:4)
  3 quokka zombies
  9 rats
  A bush (Lair:3)
472 creatures vanquished.

Vanquished Creatures (others)
  Urug (Lair:2)
  A worker ant (D:10)
  3 fungi
  2 withered plants (Ossuary)
7 creatures vanquished.

Grand Total: 479 creatures vanquished

Notes
Turn   | Place    | Note
-------+----------+-------------------------------------------
     0 | D:1      | dvd the Deep Elf Fire Elementalist began the quest for the
                  | Orb.
     0 | D:1      | Reached XP level 1. HP: 10/10 MP: 6/6
   100 | D:1      | Reached XP level 2. HP: 15/15 MP: 5/8
   114 | D:1      | Learned a level 2 spell: Throw Flame
   644 | D:1      | Reached XP level 3. HP: 19/19 MP: 5/10
  1613 | D:2      | Reached skill level 4 in Spellcasting
  1687 | D:3      | Reached XP level 4. HP: 21/24 MP: 2/12
  2059 | D:3      | Noticed Sigmund
  2071 | D:3      | Found a hazy altar of Hepliaklqana.
  2383 | D:4      | Noticed an ogre
  2388 | D:5      | Entered Level 5 of the Dungeon
  2606 | D:5      | Learned a level 4 spell: Sticky Flame
  2621 | D:5      | Reached XP level 5. HP: 5/28 MP: 5/13
  2910 | D:5      | Reached skill level 5 in Spellcasting
  3131 | D:5      | Noticed an ogre
  3136 | D:5      | Killed an ogre
  3136 | D:5      | Reached skill level 5 in Fire Magic
  3136 | D:5      | Reached XP level 6. HP: 33/33 MP: 8/16
  3191 | D:5      | Noticed an orc warrior
  3241 | D:5      | Killed an orc warrior
  3441 | D:5      | Reached skill level 6 in Spellcasting
  3441 | D:5      | Reached XP level 7. HP: 37/37 MP: 9/18
  3761 | D:5      | Reached skill level 1 in Fighting
  3949 | D:4      | Reached skill level 7 in Spellcasting
  4191 | D:4      | Reached XP level 8. HP: 43/43 MP: 16/21
  4220 | D:4      | Learned a level 5 spell: Fireball
  4240 | D:4      | Found a staircase to the Ecumenical Temple.
  4247 | Temple   | Entered the Ecumenical Temple
  4380 | Temple   | Became a worshipper of Vehumet
  4587 | D:4      | Found an ancient bone altar of Kikubaaqudgha.
  4619 | D:4      | Noticed Robin
  4626 | D:4      | Killed Robin
  4862 | D:3      | Killed Sigmund
  4862 | D:3      | Reached skill level 5 in Conjurations
  4945 | D:3      | Found a white marble altar of Elyvilon.
  5108 | D:3      | Reached skill level 8 in Spellcasting
  5173 | D:3      | Found an opulent altar of Gozag.
  5325 | D:4      | Noticed Eustachio
  5332 | D:4      | Killed Eustachio
  5489 | D:4      | Reached * piety under Vehumet
  5489 | D:4      | Offered knowledge of Sandblast by Vehumet.
  6218 | D:5      | Reached skill level 9 in Spellcasting
  6288 | D:5      | Found Tocal's Armour Boutique.
  6377 | D:6      | Found a sand-covered staircase.
  6425 | Ossuary  | Entered an ossuary
  6509 | Ossuary  | Reached skill level 1 in Short Blades
  6665 | Ossuary  | Reached XP level 9. HP: 47/47 MP: 20/24
  7081 | D:6      | Found a shadowy altar of Dithmenos.
  7198 | D:6      | Learned a level 1 spell: Sandblast
  7996 | D:6      | Found an ornate altar of the Wu Jian Council.
  8012 | D:6      | Reached skill level 10 in Spellcasting
  8076 | D:6      | Reached ** piety under Vehumet
  8195 | D:6      | Offered knowledge of Sting by Vehumet.
  8286 | D:6      | Reached skill level 1 in Earth Magic
  8745 | D:7      | Offered knowledge of Mephitic Cloud by Vehumet.
  9145 | D:7      | Found a bloodstained altar of Trog.
  9148 | D:7      | Reached skill level 11 in Spellcasting
  9229 | D:7      | Reached XP level 10. HP: 52/52 MP: 8/27
  9612 | D:8      | Reached *** piety under Vehumet
 10043 | D:8      | Found a glowing golden altar of the Shining One.
 10231 | D:9      | Offered knowledge of Airstrike by Vehumet.
 10237 | D:9      | Learned a level 4 spell: Airstrike
 10243 | D:9      | Learned a level 5 spell: Iskenderun's Battlesphere
 10494 | D:9      | Reached skill level 12 in Spellcasting
 10702 | D:9      | Found a sparkling altar of Nemelex Xobeh.
 10870 | D:9      | Reached **** piety under Vehumet
 11076 | D:10     | Entered Level 10 of the Dungeon
 11099 | D:10     | Offered knowledge of Throw Icicle by Vehumet.
 11299 | D:10     | Found Ihega's Weapon Emporium.
 11719 | D:10     | Gained mutation: You have a pair of small horns on your
                  | head. [potion of mutation]
 11719 | D:10     | Gained mutation: Your movements are slightly less
                  | encumbered by armour. (ER -2) [potion of mutation]
 11720 | D:10     | Lost mutation: You have a pair of small horns on your head.
                  | [potion of mutation]
 11720 | D:10     | Gained mutation: You are clumsy. (Dex -2) [potion of
                  | mutation]
 11720 | D:10     | Gained mutation: You have a pair of small horns on your
                  | head. [potion of mutation]
 11721 | D:10     | Lost mutation: You have a pair of small horns on your head.
                  | [potion of mutation]
 11721 | D:10     | Lost mutation: Your movements are slightly less encumbered
                  | by armour. (ER -2) [potion of mutation]
 11721 | D:10     | Lost mutation: You are clumsy. (Dex -2) [potion of
                  | mutation]
 11721 | D:10     | Gained mutation: Your body sometimes deteriorates upon
                  | taking damage. [potion of mutation]
 11721 | D:10     | Gained mutation: Your magical capacity is low. (-10% MP)
                  | [potion of mutation]
 11721 | D:10     | Gained mutation: Your mind is acute. (Int +2) [potion of
                  | mutation]
 11722 | D:10     | Lost mutation: Your body sometimes deteriorates upon taking
                  | damage. [potion of mutation]
 11722 | D:10     | Lost mutation: Your mind is acute. (Int +2) [potion of
                  | mutation]
 11722 | D:10     | Gained mutation: You occasionally shout uncontrollably at
                  | your foes. [potion of mutation]
 11722 | D:10     | Gained mutation: You are weak. (Str -2) [potion of
                  | mutation]
 11722 | D:10     | Lost mutation: You are weak. (Str -2) [potion of mutation]
 11723 | D:10     | Lost mutation: You occasionally shout uncontrollably at
                  | your foes. [potion of mutation]
 11723 | D:10     | Lost mutation: Your magical capacity is low. (-10% MP)
                  | [potion of mutation]
 11723 | D:10     | Gained mutation: Your muscles are strong. (Str +2) [potion
                  | of mutation]
 11723 | D:10     | Gained mutation: Your body sometimes deteriorates upon
                  | taking damage. [potion of mutation]
 11723 | D:10     | Gained mutation: Your system is resistant to poisons.
                  | (rPois) [potion of mutation]
 12021 | D:10     | Noticed a two-headed ogre
 12029 | D:10     | Killed a two-headed ogre
 12029 | D:10     | Reached skill level 5 in Stealth
 12029 | D:10     | Reached skill level 13 in Spellcasting
 12029 | D:10     | Reached skill level 10 in Fire Magic
 12180 | D:10     | Learned a level 7 spell: Orb of Destruction
 12301 | D:11     | Found Nutruemaywk's Weapon Boutique.
 12301 | D:11     | Found a staircase to the Orcish Mines.
 12302 | D:11     | Found Xaoth's Armour Boutique.
 12306 | D:11     | Reached XP level 11. HP: 57/57 MP: 20/30
 12407 | D:11     | Bought the cursed +0 pair of boots of Hedging {rPois rF+
                  | rN++} for 483 gold pieces
 12972 | D:11     | Reached skill level 1 in Air Magic
 13065 | D:11     | Found a portal to a secret trove of treasure.
 13141 | D:11     | Noticed a two-headed ogre
 13150 | D:11     | Killed a two-headed ogre
 13247 | D:11     | Found a staircase to the Lair.
 13329 | D:11     | Reached skill level 1 in Armour
 13401 | D:11     | Noticed a two-headed hydra
 13401 | D:11     | Identified the +6 halberd "Comiuzayro" {venom, rPois rF+}
 13409 | D:11     | Killed a two-headed hydra
 13409 | D:11     | Reached skill level 10 in Conjurations
 13568 | Orc:1    | Entered Level 1 of the Orcish Mines
 13657 | D:11     | Bought the -3 buckler "Iqiecs" {rElec Str+5 Int+2 Stlth-}
                  | for 268 gold pieces
 13700 | Lair:1   | Entered Level 1 of the Lair of Beasts
 13838 | Lair:1   | Reached ***** piety under Vehumet
 14029 | Lair:1   | Offered knowledge of Poison Arrow by Vehumet.
 14033 | Lair:1   | Reached skill level 14 in Spellcasting
 14459 | Lair:1   | Learned a level 6 spell: Freezing Cloud
 14469 | Lair:1   | Reached skill level 5 in Dodging
 14473 | Lair:1   | Reached XP level 12. HP: 56/62 MP: 12/32
 14838 | Lair:1   | Found a runed translucent door.
 14838 | Lair:1   | Noticed funkygono's ghost (journeyman GrCj)
 14985 | Lair:2   | Noticed Urug
 14995 | Lair:2   | Killed Urug
 15089 | Lair:2   | Found a gate leading to a gauntlet.
 15127 | Lair:2   | Reached skill level 1 in Ice Magic
 15138 | Gauntlet | Entered a Gauntlet
 15138 | Gauntlet | Found a transporter.
 15147 | Gauntlet | Found a transporter.
 15149 | Gauntlet | Noticed a cacodemon
 15160 | Gauntlet | Found a transporter.
 15163 | Gauntlet | Found a transporter.
 15173 | Gauntlet | Found a transporter.
 15193 | Gauntlet | Found a transporter.
 15205 | Gauntlet | Noticed a blizzard demon
 15206 | Gauntlet | Found a transporter.
 15223 | Gauntlet | Found a transporter.
 15227 | Gauntlet | Found a transporter.
 15227 | Gauntlet | Noticed a dire elephant
 15235 | Gauntlet | Found a transporter.
 15265 | Gauntlet | Found a transporter.
 15265 | Gauntlet | Found a transporter.
 15537 | Gauntlet | Got a transparent zirconium amulet
 15650 | Gauntlet | Identified the amulet "Hurik" {Reflect *Slow rC+ rN+ SH+2}
                  | (You found it in a Gauntlet)
 15677 | Gauntlet | Identified the +10 falchion "Kuunnear" {slice, rF+ Str+3
                  | Dex+4}
 15677 | Gauntlet | Noticed a minotaur
 15681 | Gauntlet | Killed a minotaur
 15681 | Gauntlet | Reached skill level 15 in Spellcasting
 15725 | Gauntlet | Found the +8 arc blade {discharge, rElec}
 15857 | Lair:2   | Got a slimy leather armour
 15868 | Lair:2   | Identified the +3 leather armour of the Thistle {*Slow
                  | rCorr Str+3 SInv} (You found it on level 2 of the Lair of
                  | Beasts)
 15887 | Lair:2   | Learned a level 6 spell: Deflect Missiles
 15930 | Lair:2   | Offered knowledge of Lightning Bolt by Vehumet.
 16037 | Lair:2   | Found a hole to the Spider Nest.
 16815 | Lair:3   | Reached skill level 1 in Long Blades
 16969 | Lair:3   | Found a staircase to the Swamp.
 17569 | Lair:4   | Reached XP level 13. HP: 63/68 MP: 34/34
 17621 | Lair:4   | Reached skill level 1 in Shields
 18108 | Lair:4   | HP: 1/68 [eight-headed hydra (6)]
 18108 | Lair:4   | Mangled by an eight-headed hydra

Skill      XL: |  1  2  3  4  5  6  7  8  9 10 11 12 13 |
---------------+----------------------------------------+-----
Fire Magic     | 4 5 6 7 8 10 11 | 11.8
Spellcasting   | 4 5 6 7 9 11 13 14 15 | 15.4
Stealth        | 3 4 5 |  5.3
Conjurations   | 2 3 4 6 7 9 11 | 11.9
Dodging        | 3 4 5 |  5.8
Fighting       | 1 2 |  2.6
Short Blades   | 1 2 3 |  3.4
Earth Magic    | 2 |  2.4
Air Magic      | 2 4 |  4.6
Armour         | 1 2 |  2.4
Charms         | 2 4 |  4.5
Ice Magic      | 4 |  4.8
Long Blades    | 1 2 |  2.0
Shields        | 2 |  2.5

Action                   |  1- 3 |  4- 6 |  7- 9 | 10-12 | 13-15 || total
-------------------------+-------+-------+-------+-------+-------++-------
Melee: Unarmed           |     1 |       |       |       |       ||     1
       Dagger            |     6 |     7 |    44 |    79 |       ||   136
       Falchion          |       |       |       |    19 |    24 ||    43
 Cast: Flame Tongue      |    70 |    54 |   146 |   130 |     7 ||   407
       Throw Flame       |    11 |    16 |   112 |    40 |       ||   179
       Sticky Flame      |       |     4 |    35 |    79 |    13 ||   131
       Fireball          |       |       |    12 |    91 |    17 ||   120
       Sandblast         |       |       |    17 |    10 |       ||    27
       Airstrike         |       |       |       |    11 |     3 ||    14
       Iskenderun's Batt |       |       |       |     7 |       ||     7
       Freezing Cloud    |       |       |       |     5 |       ||     5
       Orb of Destructio |       |       |       |     4 |       ||     4
  Use: Potion            |       |     2 |     1 |    20 |     2 ||    25
       Scroll            |       |       |    12 |    15 |       ||    27
 Stab: Sleeping          |     3 |       |     1 |     3 |       ||     7
  Eat: Chunk             |     2 |     3 |    18 |    32 |     2 ||    57
       Ration            |       |     1 |     1 |       |       ||     2
Armor: Robe              |     3 |     5 |    15 |    25 |       ||    48
       Troll leather arm |       |       |       |    15 |       ||    15
       Leather armour    |       |       |       |     7 |    14 ||    21
Dodge: Dodged            |    30 |    31 |    72 |   174 |    36 ||   343
Block: Other             |       |       |     6 |    10 |       ||    16
       Reflection        |       |       |       |     2 |       ||     2
       Buckler           |       |       |       |    20 |     8 ||    28
       Rpst.: Falchion   |       |       |       |     8 |     6 ||    14
